 Dungeon Crawl Stone Soup version 0.15.1-4-gac8487e (webtiles) character file.

179 Johnny the Chiller (level 5, -2/41 HPs)
             Began as a Demigod Ice Elementalist on Oct 14, 2014.
             Slain by a gnoll
             ... wielding a +2 whip of electrocution
              (11 damage)
             ... on Level 3 of the Dungeon.
             The game lasted 00:05:20 (2422 turns).

Johnny the Chiller (Demigod Ice Elementalist)       Turns: 2422, Time: 00:05:20

HP  -2/41        AC  8     Str 13      XL: 5   Next: 10%
MP   4/12        EV 11     Int 21      God:
Gold 148         SH  0     Dex 17      Spells:  2 memorised,  4 levels left

rFire  . . .     SeeInvis .     u - +0 dagger (protect)
rCold  . . .     Clarity  .     l - +0 leather armour
rNeg   . . .     rCorr    .     (no shield)
rPois  .         rRot     .     (no helmet)
rElec  .         Spirit   .     (no cloak)
SustAb .         Warding  .     (no gloves)
rMut   +         Stasis   .     (no boots)
Gourm  .                        k - amulet of resist mutation
MR     .....                    (no ring)
                                o - +2 ring of strength

@: very slightly contaminated, drained, not resistant to hostile enchantments,
unstealthy
A: no striking features
a: no special abilities


You were on level 3 of the Dungeon.
You were not hungry.

You visited 1 branch of the dungeon, and saw 3 of its levels.

You collected 148 gold pieces.

Inventory:

Hand weapons
 i - a +0 dagger
 u - a +0 dagger of protection (weapon)
Armour
 l - a +0 leather armour (worn)
Comestibles
 c - 2 bread rations
 m - 3 beef jerkies
Scrolls
 a - a scroll of enchant armour {unknown}
 d - 2 scrolls of identify {unknown}
 g - a scroll of noise {unknown}
 h - a scroll of teleportation {unknown}
 p - a scroll of blinking {unknown}
 r - a scroll of remove curse {unknown}
 v - a scroll of fear {unknown}
 x - a scroll of amnesia {unknown}
Jewellery
 k - an amulet of resist mutation (around neck)
 o - a +2 ring of strength (left hand)
 w - an uncursed amulet of warding {unknown}
Potions
 e - 2 potions of haste {unknown}
 f - 4 potions of curing {unknown}
 j - a potion of porridge
 n - a potion of poison {unknown}
 q - a potion of agility {unknown}
 s - a potion of cure mutation {unknown}
 t - a potion of might {unknown}
Books
 b - a book of Frost

   Spells                             Type                      Level
   *Freeze                            Ice                          1
   Throw Frost                        Conjuration/Ice              2
   Ozocubu's Armour                   Charms/Ice                   3
   Throw Icicle                       Conjuration/Ice              4
   *Summon Ice Beast                  Ice/Summoning                4
   Condensation Shield                Ice                          4


   Skills:
 * Level 2.2(1.9) Fighting
 + Level 1.3(1.0) Armour
 + Level 2.1(1.9) Dodging
 + Level 2.1(1.9) Stealth
 * Level 2.5(2.2) Spellcasting
   Level 0.8(0.6) Conjurations
 * Level 0.3(0.0) Summonings
 * Level 3.5(3.2) Ice Magic


You had 4 spell levels left.
You knew the following spells:

 Your Spells              Type           Power        Failure   Level  Hunger
a - Freeze                Ice            ###.         4%          1    #......
b - Summon Ice Beast      Ice/Summ       #.......     78%         4    #####..


Dungeon Overview and Level Annotations

Branches:
Dungeon (3/15)


Message History

Aiming: Freeze
Press: ? - help, Shift-Dir - straight line, f/p - gnoll
Aim: a gnoll (almost dead)
You freeze the gnoll.
You kill the gnoll!
The gnoll hits you with a runed whip.
You are electrocuted!
The gnoll barely misses you.
Unknown command.
Casting: Freeze
Confirm with . or Enter, or press ? or * to list all spells.
Aiming: Freeze
Press: ? - help, Shift-Dir - straight line, f - gnoll
Aim: a gnoll, wielding a flail (severely wounded)
You freeze the gnoll.
The gnoll is almost dead.
The bat hits you but does no damage.
The gnoll hits you with a whip of electrocution!
* * * LOW HITPOINT WARNING * * *
You are electrocuted!
You die...

..#.# #.#.#
.....#.# #.#<#
......#.# #%###
.......#.# #.#
.....)..#.# #.#
........#.# #.#
........#.# #.#
.......gbg.#####.##
........@##.......#
..................#
........##.......#
......$.##.......#
..##.#####.......#
#. #.......# #
#.......# #.......#
#.......#


You could see 2 gnolls and a bat.

Vanquished Creatures
  Sigmund (D:2)
  3 adders (D:2)
  A gnoll (D:3)
  A worm (D:3)
  2 giant geckos
  An orc (D:3)
  3 ball pythons
  13 bats
  5 goblins
  7 hobgoblins
  6 jackals
  7 kobolds
  2 giant cockroaches
  5 giant newts
  7 rats
64 creatures vanquished.

Notes
Turn   | Place    | Note
--------------------------------------------------------------
     0 | D:1      | Johnny, the Demigod Ice Elementalist, began the quest for the Orb.
     0 | D:1      | Reached XP level 1. HP: 14/14 MP: 3/3
   338 | D:1      | Reached XP level 2. HP: 4/22 MP: 1/4
   509 | D:1      | Reached skill level 3 in Ice Magic
   576 | D:1      | Reached skill level 1 in Fighting
  1002 | D:1      | Reached XP level 3. HP: 25/28 MP: 6/8
  1452 | D:2      | Noticed Sigmund
  1533 | D:2      | Killed Sigmund
  1533 | D:2      | Reached skill level 1 in Armour
  1533 | D:2      | Reached XP level 4. HP: 18/36 MP: 1/11
  1643 | D:2      | Learned a level 4 spell: Summon Ice Beast
  2066 | D:3      | Reached XP level 5. HP: 37/41 MP: 5/12
  2422 | D:3      | Slain by a gnoll

Action                   |  1- 3 |  4- 6 || total
-------------------------+-------+-------++-------
Melee: Dagger            |    95 |    47 ||   142
       Unarmed           |     3 |       ||     3
 Cast: Freeze            |    53 |    22 ||    75
 Stab: Sleeping          |     2 |     1 ||     3
  Eat: Chunk             |     2 |     2 ||     4
       Royal jelly       |       |     1 ||     1
